 Dungeon Crawl Stone Soup version 0.18.1-50-g88ac8fd (webtiles) character file.

17840 Amnesiac the Grand Gadgeteer (level 12, -14/58 HPs)
             Began as a Vine Stalker Fighter on Mar 11, 2018.
             Was the Champion of Pakellas.
             Demolished by a sun demon (15 damage)
             ... summoned by an orc high priest
             ... on level 2 of the Orcish Mines.
             The game lasted 00:29:54 (10160 turns).

Amnesiac the Grand Gadgeteer (VSFi)                Turns: 10160, Time: 00:29:54

Health: -14/58     AC: 22    Str: 24      XL:     12   Next: 52%
Magic:  0/24       EV:  6    Int:  6 (8)  God:    Pakellas [******]
Gold:   1464       SH: 11    Dex: 14      Spells: 1 memorised, 9 levels left

rFire  . . .     SeeInvis .     a - +2 dagger (venom)
rCold  . . .     Gourm    .     u - +0 plate armour
rNeg   + . .     Faith    .     c - +1 shield
rPois  .         Spirit   +     y - +2 helmet
rElec  .         Dismiss  .     t - +2 cloak {MR+}
rCorr  .         Reflect  .     D - +2 pair of gloves {archery}
SustAt .         Harm     .     v - +0 pair of boots
MR     ++...                    (no amulet)
Stlth  ..........               (no ring)
                                l - ring of positive energy

@: silence, drained, very resistant to hostile enchantments, extremely
unstealthy
A: fangs 3, regeneration 3, magic shield, antimagic bite, no device heal 3, rot
immunity, subdued magic 1
a: Renounce Religion


You were on level 2 of the Orcish Mines.
You worshipped Pakellas.
Pakellas was exalted by your worship.
You were not hungry.

You visited 2 branches of the dungeon, and saw 11 of its levels.
You also visited: Ossuary.

You collected 1590 gold pieces.
You spent 126 gold pieces at shops.

Inventory:

Hand Weapons
 a - a +2 dagger of venom (weapon)
 w - a +1 blowgun
Missiles
 A - 2 needles of sleeping
 H - 10 curare-tipped needles
 J - 3 throwing nets (quivered)
Armour
 c - a +1 shield (worn)
 t - a +2 cloak of magic resistance (worn)
 u - a +0 plate armour (worn)
 v - a +0 pair of boots (worn)
 y - a +2 helmet (worn)
 D - a +2 pair of gloves of archery (worn)
Magical Staves
 C - an uncursed staff of air
Rods
 b - a +5 iron rod (16/16)
   (Pakellas gifted it to you in an ossuary)
Jewellery
 l - a ring of positive energy (left hand)
 S - an uncursed ring of ice
Wands
 g - a wand of confusion (23/48)
 o - a wand of random effects (26/48)
 V - a wand of enslavement (18/24)
Scrolls
 q - 7 scrolls of identify {!r}
 s - 3 scrolls of teleportation {!r}
 x - a scroll of magic mapping {!r}
 z - 3 scrolls of remove curse {!r}
 E - 3 scrolls of enchant armour {!r}
 Q - 4 scrolls of fog {!r}
Potions
 h - 2 potions of agility {!q}
 j - 4 potions of curing {!q}
 p - a potion of lignification {!q}
 r - 2 potions of flight {!q}
 N - 2 potions of might {!q}
 O - a potion of mutation {!q}
Miscellaneous
 m - a box of beasts {used: 2}
 K - a lamp of fire (inert)
Comestibles
 d - 7 meat rations
 f - 5 bread rations
 i - 14 fruits
 k - 12 chunks of flesh
 n - a beef jerky
 M - 9 slices of pizza


   Skills:
 + Level 4.1(3.8) Fighting
 - Level 8.0(7.7) Short Blades
 + Level 3.6(3.4) Armour
 + Level 3.7(3.5) Dodging
 + Level 4.2(4.0) Shields
 * Level 14.6(14.3) Evocations


You had 9 spell levels left.
You knew the following spells:

 Your Spells              Type           Power        Failure   Level  Hunger
z - Confusing Touch       Hex            #.....       100%        2    ###....


Dungeon Overview and Level Annotations

Branches:
Dungeon (9/15)             Temple (0/1) D:6            Lair (0/8) D:9
    Orc (2/2) D:9             Elf (0/3) Orc:2

Altars:
Ashenzari
Fedhas
Gozag
Kikubaaqudgha
Makhleb
Okawaru
Pakellas
Qazlal
Ru
Sif Muna
Vehumet

Shops:
D:5 :   Orc:1 *   Orc:2 [


Innate Abilities, Weirdness & Mutations

You have razor-sharp teeth.
You regenerate.
When hurt, damage is shared between your health and your magic reserves.
Your bite disrupts and absorbs the magic of your enemies.
Potions and wands cannot restore your health.
You are immune to rotting.
Your spells are a little easier to cast, but a little less powerful.


Message History

The orc high priest looks even sicker.
The orc high priest is moderately wounded.
The red devil disappears in a puff of smoke! x2
The neqoxec disappears in a puff of smoke!
The orc high priest hits you but does no damage.
The ice devil hits you but does no damage.
The sun demon barely misses you.
You hit the orc high priest.
The orc high priest is heavily wounded.
The orc high priest hits you but does no damage.
The sun demon hits you!
* * * LOW HITPOINT WARNING * * *
You are engulfed in flames!
* * * LOW HITPOINT WARNING * * *
Items here: )) [[ † a flail; a plate armour; a club; a scale mail; an orc corpse Drink which item? (? for menu, Esc to quit)
Really quaff
e - 3 potions of magic {!q}?
Magic courses through your body. The sun demon hits you!
* * * LOW HITPOINT WARNING * * *
You are engulfed in flames!
* * * LOW HITPOINT WARNING * * *
You block the ice devil's attack. You block the sun demon's attack.
Drink which item? (? for menu, Esc to quit)
Really quaff
e - 2 potions of magic {!q}?
Magic courses through your body.
The orc high priest hits you but does no damage.
The ice devil hits you but does no damage.
The sun demon hits you!
* * * LOW HITPOINT WARNING * * *
You are engulfed in flames!
* * * LOW HITPOINT WARNING * * *
Drink which item? (? for menu, Esc to quit)
Really quaff
e - a potion of magic {!q}?
Magic courses through your body. You block the ice devil's attack.
The orc high priest hits you but does no damage.
You block the sun demon's attack.
You barely miss the orc high priest.
The orc high priest is severely wounded.
The ice devil hits you.
* * * LOW HITPOINT WARNING * * *
The ice devil freezes you!
* * * LOW HITPOINT WARNING * * *
The sun demon hits you but does no damage.
The orc high priest hits you but does no damage.
You hit the orc high priest.
The orc high priest is severely wounded.
You block the ice devil's attack.
You completely miss the orc high priest.
You bite the orc high priest, but do no damage.
The orc high priest is severely wounded.
The sun demon hits you but does no damage.
The orc high priest hits you with a scimitar.
* * * LOW HITPOINT WARNING * * *
Your shield and plate armour prevent you from hitting the orc high priest.
The orc high priest is severely wounded.
You block the sun demon's attack. The ice devil barely misses you.
You closely miss the orc high priest.
The orc high priest is severely wounded.
You block the orc high priest's attack. The sun demon hits you.
* * * LOW HITPOINT WARNING * * *
You are engulfed in flames!!
You die...
Pakellas says: Time to start the next experiment...

..#.#...............##......#
.###.......................##
...#......)..............###
.............)............#######
............)....................
........................#########
.......................##
......................## .
................@4)...# ..
................3o.)†.# ...
..................))).# ...#
..)................)).# ...#
......................#..#
.........................#
...(.)))))...............#
........)................#
..#....))##)..........#..#


You could see an orc high priest, a sun demon and an ice devil.

Vanquished Creatures
  A hydra (D:8)
  Erica (D:8)
  An ogre mage (Orc:2)
  2 orc high priests (Orc:2)
  Sonja (Orc:2)
  3 orc sorcerers (Orc:2)
  A cyclops (Orc:1)
  Maurice (D:8)
  A troll (Orc:2)
  2 steam dragons
  A two-headed ogre (Orc:1)
  Prince Ribbit (D:9)
  13 yaks
  A wyvern (D:9)
  3 basilisks (D:9)
  2 hippogriffs
  Menkaure (D:7)
  3 wargs
  A water moccasin (D:9)
  5 porcupines
  17 orc warriors
  3 ice beasts
  An eye of draining (D:9)
  13 ogres
  5 centaurs
  3 big kobolds (D:8)
  4 crocodiles
  2 elf zombies (Ossuary)
  4 giant frogs
  2 gnoll sergeants
  A water moccasin skeleton (D:4)
  3 howler monkeys
  2 crimson imps
  3 centaur zombies
  A giant frog zombie (D:7)
  4 jellies
  A quasit (D:6)
  2 human zombies (Ossuary)
  4 hounds
  Crazy Yiuf (D:3)
  15 orc priests
  A centaur skeleton (D:7)
  2 giant frog skeletons
  Ijyb (D:3)
  Jessica (D:3)
  An iguana (D:6)
  21 orc wizards
  8 worker ants
  2 sheep (D:8)
  2 big kobold zombies (Ossuary)
  3 mummies
  13 gnolls
  2 howler monkey skeletons (D:7)
  7 adders
  4 river rats
  A shadow imp (D:8)
  3 oozes
  An adder skeleton (D:7)
  3 adder zombies
  3 worms
  5 dart slugs (D:1)
  2 giant geckos
  42 orcs
  10 bats
  6 giant cockroaches
  8 goblins
  6 hobgoblins
  4 jackals
  2 quokkas
  A giant gecko skeleton (D:8)
  2 giant newts
  4 goblin zombies
  6 hobgoblin zombies (Ossuary)
  A jackal zombie (Ossuary)
  10 kobolds
  11 kobold zombies (Ossuary)
  8 orc zombies (Ossuary)
  A quokka zombie (D:5)
  5 rats
349 creatures vanquished.

Vanquished Creatures (collateral kills)
  A dancing weapon (Orc:2)
  A warg (Orc:2)
  A steam dragon (D:5)
  2 orc warriors (Orc:2)
  An ogre (Orc:2)
  A gnoll sergeant (Orc:2)
  6 orc priests (Orc:2)
  5 orc wizards (Orc:2)
  2 gnolls (Orc:1)
  10 orcs
30 creatures vanquished.

Vanquished Creatures (others)
  2 orc knights
  An ogre (D:6)
  5 orc priests
  An iguana (D:6)
  An orc wizard (Orc:1)
  A fungus (D:9)
  3 plants
14 creatures vanquished.

Grand Total: 393 creatures vanquished

Notes
Turn   | Place    | Note
--------------------------------------------------------------
     0 | D:1      | Amnesiac the Vine Stalker Fighter began the quest for the Orb.
     0 | D:1      | Reached XP level 1. HP: 11/11 MP: 2/2
   144 | D:2      | Reached XP level 2. HP: 14/16 MP: 3/3
   174 | D:4      | Noticed an ogre
   237 | D:4      | Reached XP level 3. HP: 19/19 MP: 4/4
   300 | D:4      | Reached XP level 4. HP: 23/23 MP: 5/5
   315 | D:4      | Got a heavily runed cloak
   332 | D:4      | Found an oddly glowing altar of Pakellas.
   342 | D:4      | Became a worshipper of Pakellas the Inventive
   367 | D:4      | Identified the -1 cloak "Osaituc" {*Drain rElec Str+8} (You found it on level 4 of the Dungeon)
   386 | D:2      | Found an opulent altar of Gozag.
   653 | D:1      | Reached * piety under Pakellas
   653 | D:1      | Received a gift from Pakellas
  1088 | D:2      | Reached XP level 5. HP: 27/27 MP: 6/6
  1177 | D:2      | Reached skill level 5 in Short Blades
  1216 | D:2      | Reached ** piety under Pakellas
  1216 | D:2      | Received a gift from Pakellas
  1617 | D:3      | Noticed Ijyb
  1628 | D:3      | Killed Ijyb
  1749 | D:3      | Gained mutation: You heal very quickly. [Vine Stalker growth]
  1749 | D:3      | Reached XP level 6. HP: 32/32 MP: 7/7
  1795 | D:3      | Noticed Crazy Yiuf
  1810 | D:3      | Killed Crazy Yiuf
  2038 | D:3      | Noticed Jessica
  2045 | D:3      | Killed Jessica
  2336 | D:4      | Reached XP level 7. HP: 16/35 MP: 5/8
  2607 | D:4      | Reached *** piety under Pakellas
  2607 | D:4      | Received a gift from Pakellas
  2876 | D:5      | Entered Level 5 of the Dungeon
  2888 | D:5      | Found Sozoruwe's Book Shoppe.
  3331 | D:5      | Found a stormy altar of Qazlal.
  3431 | D:5      | Noticed a steam dragon
  3433 | D:5      | Noticed a steam dragon
  3446 | D:5      | Killed a steam dragon
  3446 | D:5      | Reached skill level 1 in Evocations
  3463 | D:5      | Killed a steam dragon
  3463 | D:5      | Reached skill level 2 in Evocations
  3463 | D:5      | Gained mutation: You have razor-sharp teeth. [Vine Stalker growth]
  3463 | D:5      | Reached XP level 8. HP: 36/39 MP: 10/10
  3837 | D:6      | Reached skill level 3 in Evocations
  3877 | D:6      | Reached skill level 4 in Evocations
  4051 | D:6      | Reached skill level 5 in Evocations
  4153 | D:6      | Reached **** piety under Pakellas
  4153 | D:6      | Received a gift from Pakellas
  4158 | D:6      | Reached skill level 6 in Evocations
  4166 | D:6      | Reached XP level 9. HP: 22/43 MP: 14/14
  4225 | D:6      | Found a burning altar of Makhleb.
  4231 | D:6      | Found a staircase to the Ecumenical Temple.
  4251 | D:6      | Found an iron altar of Okawaru.
  4594 | D:7      | Reached skill level 7 in Evocations
  4779 | D:7      | Noticed Menkaure
  4788 | D:7      | Killed Menkaure
  4805 | D:7      | Found a sand-covered staircase.
  4828 | Ossuary  | Entered an ossuary
  4939 | Ossuary  | Reached skill level 8 in Evocations
  4973 | Ossuary  | Reached ***** piety under Pakellas
  4973 | Ossuary  | Received a gift from Pakellas
  5581 | D:7      | Reached skill level 9 in Evocations
  6031 | D:8      | Found a deep blue altar of Sif Muna.
  6034 | D:8      | Found a shattered altar of Ashenzari.
  6037 | D:8      | Found an ancient bone altar of Kikubaaqudgha.
  6061 | D:8      | Found a sacrificial altar of Ru.
  6085 | D:8      | Identified a scroll of acquirement {!r}
  6169 | D:8      | Noticed Erica
  6175 | D:8      | Reached XP level 10. HP: 44/47 MP: 18/18
  6180 | D:8      | Killed Erica
  6180 | D:8      | Reached skill level 10 in Evocations
  6607 | D:8      | Noticed Maurice
  6614 | D:8      | Killed Maurice
  6614 | D:8      | Reached skill level 11 in Evocations
  6884 | D:8      | Noticed a three-headed hydra
  6890 | D:8      | Killed a one-headed hydra
  6890 | D:8      | Reached skill level 12 in Evocations
  7017 | D:8      | Reached XP level 11. HP: 39/51 MP: 13/21
  7283 | D:9      | Reached skill level 13 in Evocations
  7441 | D:9      | Found a staircase to the Lair.
  7515 | D:9      | Noticed Prince Ribbit
  7519 | D:9      | Killed Prince Ribbit
  7717 | D:9      | Found a staircase to the Orcish Mines.
  7884 | D:9      | Found a sacrificial altar of Ru.
  8048 | D:9      | Found a blossoming altar of Fedhas.
  8146 | Orc:1    | Entered Level 1 of the Orcish Mines
  8201 | Orc:1    | Found Gunes's General Store.
  8216 | Orc:1    | Reached ****** piety under Pakellas
  8253 | Orc:1    | Reached skill level 14 in Evocations
  8280 | Orc:1    | Noticed an orc knight
  8281 | Orc:1    | Noticed a cyclops
  8299 | Orc:1    | Killed a cyclops
  8299 | Orc:1    | Reached skill level 1 in Dodging
  8740 | Orc:2    | Entered Level 2 of the Orcish Mines
  8740 | Orc:2    | Noticed an orc sorcerer
  8754 | Orc:2    | Killed an orc sorcerer
  8837 | Orc:2    | Found a staircase to the Elven Halls.
  8865 | Orc:2    | Noticed an orc knight
  8866 | Orc:2    | Noticed an orc sorcerer
  8884 | Orc:2    | Noticed a sun demon
  8917 | Orc:2    | Noticed a soul eater
  8978 | Orc:2    | Noticed a hand axe of venom
  8985 | Orc:2    | Killed an orc sorcerer
  8985 | Orc:2    | Gained mutation: You regenerate. [Vine Stalker growth]
  8985 | Orc:2    | Reached XP level 12. HP: 54/56 MP: 23/23
  9029 | Orc:2    | Found a radiant altar of Vehumet.
  9256 | Orc:2    | Noticed an ogre mage
  9267 | Orc:2    | Killed an ogre mage
  9286 | Orc:2    | Learned a level 2 spell: Confusing Touch
  9392 | Orc:2    | Found Ocacs's Antique Armour Shop.
  9400 | Orc:2    | Bought a pair of embroidered gloves for 126 gold pieces
  9609 | Orc:2    | Noticed Sonja
  9624 | Orc:2    | Killed Sonja
  9750 | Orc:2    | HP: 1/58 [orc priest/divine providence (3)]
  9755 | Orc:2    | HP: 2/58 [poisoned by a gnoll sergeant]
  9858 | Orc:2    | Noticed an orc high priest
  9874 | Orc:2    | Killed an orc high priest
  9992 | Orc:2    | Noticed an orc high priest
 10006 | Orc:2    | Noticed a sun demon
 10061 | Orc:2    | Killed an orc high priest
 10110 | Orc:2    | Noticed an orc high priest
 10136 | Orc:2    | Noticed a sun demon
 10145 | Orc:2    | Gained mutation: Your spells are a little easier to cast, but a little less powerful. [a neqoxec]
 10154 | Orc:2    | HP: 1/58 [sun demon[an orc high priest] (2)]
 10160 | Orc:2    | HP: 1/58 [sun demon[an orc high priest] (1)]
 10160 | Orc:2    | Demolished by a sun demon

Skill      XL: |  1  2  3  4  5  6  7  8  9 10 11 12 |
---------------+-------------------------------------+-----
Short Blades   | 2 3 4 5 6 7 8 |  8.0
Evocations     | 2 6 9 12 14 | 14.6
Dodging        | 2 3 |  3.7
Shields        | 3 4 |  4.2
Fighting       | 3 4 |  4.1
Armour         | 3 |  3.6

Action                   |  1- 3 |  4- 6 |  7- 9 | 10-12 || total
-------------------------+-------+-------+-------+-------++-------
Melee: Rapier            |    26 |   216 |   424 |   478 ||  1144
       Bite              |     8 |    79 |   199 |   257 ||   543
       Falchion          |       |       |       |     5 ||     5
       Dagger            |       |       |       |   153 ||   153
Invok: Quick Charge      |       |       |     1 |     7 ||     8
Evoke: Wand              |       |     3 |    12 |    41 ||    56
       Rod               |       |       |       |    14 ||    14
       Box of beasts     |       |       |       |     2 ||     2
       Lamp of fire      |       |       |       |     1 ||     1
  Use: Potion            |     1 |       |       |     6 ||     7
       Scroll            |       |       |    24 |     1 ||    25
 Stab: Confused          |       |       |     3 |    15 ||    18
       Distracted        |       |       |       |     1 ||     1
  Eat: Chunk             |       |     4 |    13 |    21 ||    38
Armor: Scale mail        |     9 |    42 |       |       ||    51
       Plate armour      |       |    63 |   220 |   323 ||   606
Dodge: Dodged            |     4 |    29 |    55 |    67 ||   155
Block: Shield            |     9 |    92 |   149 |   268 ||   518
